MLB
WASHINGTON NATIONALS @ CINCINNATI REDS
03/06/2044
 
TOP OF THE 1ST
Washington Nationals batting - Pitching for Cincinnati Reds : LHP Dave Rivera
Pitching: LHP Dave Rivera
Batting: RHB C.J. Beavers 0-0: Called Strike
0-1: Fly out, F8 (Flyball, 8RXD, EV 91.3 MPH)
Batting: LHB R.J. O'Brien 0-0: Ground out 5-3 (Groundball, 56, EV 84.4 MPH)
Batting: SHB Junzo Kato 0-0: Called Strike
0-1: Ball
1-1: Ground out 3-1 (Groundball, 13, EV 90.6 MPH)
Top of the 1st over - 0 runs, 0 hits, 0 errors, 0 left on base; Washington 0 - Cincinnati 0
BOTTOM OF THE 1ST
Cincinnati Reds batting - Pitching for Washington Nationals : LHP Joe Hincks
Pitching: LHP Joe Hincks
Batting: LHB Sean Geisler 0-0: Ground out 4-3 (Groundball, 4, EV 103.1 MPH)
Batting: LHB Jake Bill 0-0: Ball
1-0: Fly out, F7 (Flyball, 7LM, EV 89.4 MPH)
Batting: RHB Solange Le Coq 0-0: Called Strike
0-1: Called Strike
0-2: Ball
1-2: Foul Ball, location: 2F
1-2: Ball
2-2: Strikes out looking
Bottom of the 1st over - 0 runs, 0 hits, 0 errors, 0 left on base; Washington 0 - Cincinnati 0
TOP OF THE 2ND
Washington Nationals batting - Pitching for Cincinnati Reds : LHP Dave Rivera
Batting: RHB John Sanders 0-0: Called Strike
0-1: Ball
1-1: Swinging Strike
1-2: Foul Ball, location: 2F
1-2: Fly out, F9 (Line Drive, 9, EV 86.9 MPH)
Batting: SHB Andrew Wray II 0-0: Foul Ball, location: 2F
0-1: Called Strike
0-2: Foul Ball, location: 2F
0-2: Foul Ball, location: 2F
0-2: Ball
1-2: Foul Ball, location: 2F
1-2: Ball
2-2: Foul Ball, location: 2F
2-2: Fly out, F7 (Flyball, 7LD, EV 105.6 MPH)
Batting: LHB Yasahiko Teshima 0-0: Foul Ball, location: 2F
0-1: Called Strike
0-2: Ball
1-2: Strikes out looking
Top of the 2nd over - 0 runs, 0 hits, 0 errors, 0 left on base; Washington 0 - Cincinnati 0
BOTTOM OF THE 2ND
Cincinnati Reds batting - Pitching for Washington Nationals : LHP Joe Hincks
Batting: SHB Saulo Maina 0-0: Called Strike
0-1: Swinging Strike
0-2: Fly out, F8 (Flyball, 8RM, EV 96.9 MPH)
Batting: RHB Fred Slade 0-0: Ball
1-0: Ball
2-0: Fly out, F8 (Flyball, 89XD, EV 98.8 MPH)
Batting: LHB Jon Ledesma 0-0: Ground out 2-3 (Groundball, 13S, EV 71.9 MPH)
Bottom of the 2nd over - 0 runs, 0 hits, 0 errors, 0 left on base; Washington 0 - Cincinnati 0
TOP OF THE 3RD
Washington Nationals batting - Pitching for Cincinnati Reds : LHP Dave Rivera
Batting: RHB Dan Fallon 0-0: Called Strike
0-1: Fly out, F7 (Flyball, 78M, EV 82.5 MPH)
Batting: RHB Jared Speck 0-0: DOUBLE (Line Drive, 3D, EV 97.5 MPH)
Batting: RHB Danny Gerardo 0-0: Swinging Strike
0-1: Foul Ball, location: 2F
0-2: Ball
1-2: Strikes out swinging
Batting: RHB C.J. Beavers 0-0: Ball
1-0: Ball
2-0: Foul Ball, location: 2F
2-1: Foul Ball, location: 2F
2-2: Foul Ball, location: 2F
2-2: Fly out, F7 (Flyball, 7D, EV 91.9 MPH)
Top of the 3rd over - 0 runs, 1 hit, 0 errors, 1 left on base; Washington 0 - Cincinnati 0
BOTTOM OF THE 3RD
Cincinnati Reds batting - Pitching for Washington Nationals : LHP Joe Hincks
Batting: RHB Bobby Muniz 0-0: Ball
1-0: Swinging Strike
1-1: Ball
2-1: Ball
3-1: SINGLE (Groundball, 6MD, EV 102.5 MPH)
Batting: LHB Jesus Lozano 0-0: SINGLE (Line Drive, 34, EV 106.3 MPH)
Bobby Muniz to second
Batting: RHB Tom Beckman 0-0: Swinging Strike
0-1: Ball
1-1: Ball
2-1: Grounds into double play, 5-4-3 (Groundball, 56S, EV 81.9 MPH)
Bobby Muniz to third
Batting: LHB Sean Geisler 0-0: Ball
1-0: Ball
2-0: Fly out, F9 (Flyball, 9S, EV 83.1 MPH)
Bottom of the 3rd over - 0 runs, 2 hits, 0 errors, 1 left on base; Washington 0 - Cincinnati 0
TOP OF THE 4TH
Washington Nationals batting - Pitching for Cincinnati Reds : LHP Dave Rivera
Batting: LHB R.J. O'Brien 0-0: Ball
1-0: Ball
2-0: SINGLE (Line Drive, 56D, EV 95.6 MPH)
Batting: SHB Junzo Kato 0-0: Ball
1-0: DOUBLE (Flyball, 89XD, EV 106.9 MPH)
R.J. O'Brien to third
Batting: RHB John Sanders 0-0: SINGLE (Groundball, 56D, EV 103.1 MPH)
R.J. O'Brien scores
Junzo Kato to third
Runner from 3rd tries for Home, throw by LF and OUT! 7-2
John Sanders to second
Batting: SHB Andrew Wray II 0-0: Ground out U3 (Groundball, 3, EV 91.9 MPH)
John Sanders to third
Batting: LHB Yasahiko Teshima 0-0: Called Strike
0-1: Ball
1-1: Called Strike
1-2: Fly out, F7 (Flyball, 7S, EV 90.6 MPH)
Top of the 4th over - 1 run, 3 hits, 0 errors, 1 left on base; Washington 1 - Cincinnati 0
BOTTOM OF THE 4TH
Cincinnati Reds batting - Pitching for Washington Nationals : LHP Joe Hincks
Batting: LHB Jake Bill 0-0: Called Strike
0-1: Swinging Strike
0-2: Ball
1-2: Foul Ball, location: 2F
1-2: Ball
2-2: Ball
3-2: SINGLE (Groundball, 34D, EV 104.4 MPH)
Batting: RHB Solange Le Coq 0-0: Ground out 6-3 (Groundball, 6S, EV 71.3 MPH)
Jake Bill to second
Batting: SHB Saulo Maina 0-0: Called Strike
0-1: Fly out, F8 (Line Drive, 8RD, EV 98.1 MPH)
Batting: RHB Fred Slade 0-0: Ball
1-0: Ground out 6-3 (Groundball, 6S, EV 85.6 MPH)
Bottom of the 4th over - 0 runs, 1 hit, 0 errors, 1 left on base; Washington 1 - Cincinnati 0
TOP OF THE 5TH
Washington Nationals batting - Pitching for Cincinnati Reds : LHP Dave Rivera
Pitching: RHP Ragnar Alqvist
Batting: RHB Dan Fallon 0-0: Called Strike
0-1: Ball
1-1: Ground out U3 (Groundball, 34, EV 96.9 MPH)
Batting: RHB Jared Speck 0-0: Swinging Strike
0-1: Ground out 6-3 (Groundball, 6, EV 99.4 MPH)
Batting: RHB Danny Gerardo 0-0: SINGLE (Groundball, 6MD, EV 95.6 MPH)
Batting: RHB C.J. Beavers 0-0: Called Strike
0-1: Ball
1-1: Called Strike
Danny Gerardo steals 2nd base (no throw)
1-2: SINGLE (Groundball, P, EV 77.5 MPH) (infield hit)
Danny Gerardo to third
Batting: LHB R.J. O'Brien 0-0: Ground out 4-3 (Groundball, 34, EV 100.6 MPH)
Top of the 5th over - 0 runs, 2 hits, 0 errors, 2 left on base; Washington 1 - Cincinnati 0
BOTTOM OF THE 5TH
Cincinnati Reds batting - Pitching for Washington Nationals : LHP Joe Hincks
Pitching: LHP Jesus Gallegos
Batting: LHB Jon Ledesma 0-0: Bunt for hit to 3S - play at first, batter OUT! 3-4
Batting: RHB Bobby Muniz 0-0: Swinging Strike
0-1: Ball
1-1: Reached on error, E6 (Groundball, 6S, EV 91.9 MPH)
Batting: LHB Jesus Lozano 0-0: Ball
1-0: Ball
Pickoff Throw to First - Error! E1
Bobby Muniz to second
2-0: Ball
3-0: Called Strike
3-1: Base on Balls
Batting: RHB Tom Beckman 0-0: Ball
1-0: Fly out, F7 (Line Drive, 7S, EV 87.5 MPH)
Batting: LHB Sean Geisler 0-0: Foul Ball, location: 2F
0-1: Foul Ball, location: 2F
0-2: Ball
1-2: Fly out, F8 (Flyball, 8RS, EV 85.0 MPH)
Bottom of the 5th over - 0 runs, 0 hits, 2 errors, 2 left on base; Washington 1 - Cincinnati 0
TOP OF THE 6TH
Washington Nationals batting - Pitching for Cincinnati Reds : RHP Ragnar Alqvist
Batting: SHB Junzo Kato 0-0: Called Strike
0-1: Ground out 4-3 (Groundball, 34, EV 88.1 MPH)
Batting: RHB John Sanders 0-0: Ground out 5-3 (Groundball, 56S, EV 89.4 MPH)
Batting: SHB Andrew Wray II 0-0: Called Strike
0-1: Foul Ball, location: 2F
0-2: Foul Ball, location: 2F
0-2: Foul Ball, location: 2F
0-2: Foul Ball, location: 2F
0-2: Foul Ball, location: 2F
0-2: Foul Ball, location: 2F
0-2: Ball
1-2: Foul Ball, location: 2F
1-2: Foul Ball, location: 2F
1-2: SINGLE (Line Drive, 9S, EV 103.1 MPH)
Batting: LHB Yasahiko Teshima 0-0: Ball
1-0: Foul Ball, location: 2F
1-1: Swinging Strike
1-2: Strikes out looking
Top of the 6th over - 0 runs, 1 hit, 0 errors, 1 left on base; Washington 1 - Cincinnati 0
BOTTOM OF THE 6TH
Cincinnati Reds batting - Pitching for Washington Nationals : LHP Jesus Gallegos
Batting: RHB Willie Lazcano 0-0: Ball
1-0: Ball
2-0: Ball
3-0: Base on Balls
DELAY Rain delay of 18 minutes in the 6th inning.
Batting: RHB Solange Le Coq 0-0: Ball
1-0: SINGLE (Groundball, 56S, EV 65.6 MPH) (infield hit)
Willie Lazcano to second
Batting: SHB Saulo Maina 0-0: Fly out, F9 (Flyball, 9LS, EV 88.8 MPH)
Batting: RHB Fred Slade 0-0: Called Strike
0-1: Foul Ball, location: 2F
0-2: Ball
1-2: SINGLE (Line Drive, 56, EV 95.6 MPH)
Willie Lazcano to third
Solange Le Coq to second
Batting: LHB Jon Ledesma 0-0: Foul Ball, location: 2F
0-1: Ball
1-1: Grounds into fielders choice 6-2 (Groundball, 4, EV 83.8 MPH)
Solange Le Coq to third
Fred Slade to second
Batting: RHB Bobby Muniz 0-0: Ball
1-0: Ball
2-0: Called Strike
2-1: Ball
3-1: Base on Balls
Solange Le Coq scores
Fred Slade to third
Jon Ledesma to second
Batting: LHB Jesus Lozano 0-0: Ball
1-0: Ball
2-0: Ball
3-0: Called Strike
3-1: SINGLE (Line Drive, 4MD, EV 106.3 MPH)
Fred Slade scores
Jon Ledesma to third
Bobby Muniz to second
Runner from 3rd tries for Home, SAFE, throw by CF to home
Pitching: RHP Manuel Romero
Batting: RHB Tom Beckman 0-0: Called Strike
0-1: Ball
1-1: Ball
2-1: Ball
3-1: Called Strike
3-2: Fly out, F9 (Flyball, 9D, EV 98.1 MPH)
Bottom of the 6th over - 3 runs, 3 hits, 0 errors, 2 left on base; Washington 1 - Cincinnati 3
TOP OF THE 7TH
Washington Nationals batting - Pitching for Cincinnati Reds : RHP Ragnar Alqvist
Pitching: RHP Marshall Barron
Batting: RHB Dan Fallon 0-0: Foul Ball, location: 2F
0-1: Swinging Strike
0-2: Ball
1-2: Ball
2-2: Ball
3-2: Foul Ball, location: 2F
3-2: Strikes out swinging
Pinch Hitting: LHB Dillon Gonzalez 0-0: Called Strike
0-1: Foul Ball, location: 2F
0-2: Foul Ball, location: 2F
0-2: Ball
1-2: Ball
2-2: Strikes out swinging
Batting: RHB Danny Gerardo 0-0: Swinging Strike
0-1: Called Strike
0-2: Ball
1-2: Strikes out swinging
Top of the 7th over - 0 runs, 0 hits, 0 errors, 0 left on base; Washington 1 - Cincinnati 3
BOTTOM OF THE 7TH
Cincinnati Reds batting - Pitching for Washington Nationals : RHP Manuel Romero
Now in LF: Dillon Gonzalez
Pinch Hitting: LHB Shawn Morrison 0-0: Ball
1-0: Ball
2-0: Called Strike
2-1: Ball
3-1: SINGLE (Line Drive, 78S, EV 99.4 MPH)
Batting: RHB Willie Lazcano 0-0: Ball
1-0: Called Strike
1-1: Ball
Shawn Morrison steals 2nd base
2-1: Swinging Strike
2-2: Foul Ball, location: 2F
2-2: Ball
3-2: Foul Ball, location: 2F
3-2: Ground out 4-3 (Groundball, 4S, EV 85.0 MPH)
Shawn Morrison to third
Pinch Hitting: LHB Satoru Handa 0-0: Ball
1-0: Fly out, F8 (Flyball, 8LXD, EV 110.0 MPH)
Runner from 3rd tags up, SCORES, no throw by CF
Pinch Hitting: RHB Casey Truax 0-0: Called Strike
0-1: Swinging Strike
0-2: Strikes out swinging
Bottom of the 7th over - 1 run, 1 hit, 0 errors, 0 left on base; Washington 1 - Cincinnati 4
TOP OF THE 8TH
Washington Nationals batting - Pitching for Cincinnati Reds : RHP Marshall Barron
Now at 1B: Satoru Handa
Now at SS: Casey Truax
Now in CF: Shawn Morrison
Pinch Hitting: RHB Luis Ramos 0-0: Called Strike
0-1: Foul Ball, location: 2F
0-2: DOUBLE (Flyball, 78XD, EV 116.3 MPH)
Batting: LHB Armando Carbajal 0-0: Ball
1-0: Called Strike
1-1: Ground out 4-3 (Groundball, 34D, EV 92.5 MPH)
Luis Ramos to third
Pinch Hitting: RHB Masashi Yukizawa 0-0: Foul Ball, location: 2F
0-1: Ball
1-1: Swinging Strike
1-2: Strikes out swinging, 2-3 out at first.
Pinch Hitting: LHB Sidney Pedder 0-0: Called Strike
0-1: Ball
1-1: Foul Ball, location: 2F
1-2: Ball
2-2: DOUBLE (Line Drive, 89D, EV 110.0 MPH)
Luis Ramos scores
Pinch Hitting: RHB Tommy Baird 0-0: Ball
1-0: Foul Ball, location: 2F
1-1: Fly out, F8 (Line Drive, 8RD, EV 85.0 MPH)
Top of the 8th over - 1 run, 2 hits, 0 errors, 1 left on base; Washington 2 - Cincinnati 4
BOTTOM OF THE 8TH
Cincinnati Reds batting - Pitching for Washington Nationals : RHP Manuel Romero
Pitching: RHP David Krampe
Now at C: Sidney Pedder
Now at 2B: Masashi Yukizawa
Now at 3B: Dan Fallon
Now in LF: Luis Ramos
Now in CF: Tommy Baird
Now in RF: Dillon Gonzalez
Pinch Hitting: RHB Ricky Carbajal 0-0: Called Strike
0-1: Ground out 4-3 (Groundball, 34D, EV 108.1 MPH)
Pinch Hitting: RHB Willie Cardamone 0-0: Ball
1-0: Foul Ball, location: 2F
1-1: SINGLE (Groundball, 34S, EV 69.4 MPH) (infield hit)
Batting: RHB Bobby Muniz 0-0: Ball
Willie Cardamone steals 2nd base
1-0: Ball
2-0: Called Strike
2-1: Swinging Strike
2-2: SINGLE (Line Drive, 7LM, EV 108.8 MPH)
Willie Cardamone to third
Runner from 3rd tries for Home, SAFE, throw by LF to home
Pinch Hitting: SHB Dave Barefoot 0-0: Ball
1-0: Ball
2-0: Fly out, F9 (Flyball, 89S, EV 97.5 MPH)
Pinch Hitting: LHB Andy Arbuckle 0-0: Ground out 4-3 (Groundball, 4, EV 89.4 MPH)
Bottom of the 8th over - 1 run, 2 hits, 0 errors, 1 left on base; Washington 2 - Cincinnati 5
TOP OF THE 9TH
Washington Nationals batting - Pitching for Cincinnati Reds : RHP Marshall Barron
Pitching: LHP Jose Estrada
Now at 2B: Dave Barefoot
Now at 3B: Andy Arbuckle
Now in LF: Ryan Braden
Now in RF: Ricky Carbajal
Batting: LHB Yasahiko Teshima 0-0: Foul Ball, location: 2F
0-1: Swinging Strike
0-2: Ball
1-2: Foul Ball, location: 2F
1-2: Ground out 4-3 (Groundball, 4, EV 103.8 MPH)
Pinch Hitting: RHB Donovan Auclair 0-0: Ball
1-0: Ball
2-0: Ball
3-0: Called Strike
3-1: Foul Ball, location: 2F
3-2: Strikes out swinging
Batting: LHB Dillon Gonzalez 0-0: Foul Ball, location: 2F
0-1: Ground out 6-3 (Groundball, 56, EV 104.4 MPH)
Top of the 9th over - 0 runs, 0 hits, 0 errors, 0 left on base; Washington 2 - Cincinnati 5
Thursday, March 31st , 2022 - OOTP Baseball 22.12 Build 89